 Dungeon Crawl Stone Soup version 0.31-a0-981-geadf994542 (webtiles) character file.

Game seed: 11556535546881029413

225839 pokeman the Archmage (level 18, -2/103 HPs)
             Began as a Deep Elf Hedge Wizard on Oct 30, 2023.
             Was the Champion of Vehumet.
             Slain by a spark wasp (10 damage)
             ... on level 3 of the Spider Nest on Oct 31, 2023.
             The game lasted 02:24:53 (45244 turns).

pokeman the Archmage (Deep Elf Hedge Wizard)       Turns: 45244, Time: 02:24:54

Health: -2/103     AC: 17    Str:  7    XL:     18   Next: 63%
Magic:  2/60       EV: 12    Int: 36    God:    Vehumet [******]
Gold:   5578       SH: 13    Dex: 17    Spells: 12/71 levels left

rFire   . . .        o - +9 staff of Olgreb {rPois∞}
rCold   . . .        p - +2 buckler of Hech {rElec rCorr Dex+3}
rNeg    . . .        G - +2 steam dragon scales
rPois   ∞            v - +1 helmet {Int+3}
rElec   +            J - +0 cloak {rCorr}
rCorr   +            f - +1 pair of gloves of the Kappa {Int+3}
SInv    +            Z - +1 pair of boots {Fly}
Will    +....        c - amulet "Varoummi" {Reflect rCorr SH+5}
Stlth   ++           B - ring of magical power
HPRegen 0.37/turn    y - ring "Caiwy" {rPois Int+2 SInv}
MPRegen 0.37/turn

%: reflection
@: flying, studying Conjurations
A: no striking features
}: 1/15 runes: barnacled
a: Renounce Religion, Evoke the Staff of Olgreb


You were on level 3 of the Spider Nest.
You worshipped Vehumet.
Vehumet was exalted by your worship.
You visited 6 branches of the dungeon, and saw 31 of its levels.
You also visited: Gauntlet and Ice Cave.

You collected 6072 gold pieces.
You spent 494 gold pieces at shops.

Inventory:

Hand Weapons
 o - the +9 staff of Olgreb (weapon) {rPois∞}
   (You acquired it on level 12 of the Dungeon)

   Radiate:   It can be activated via the 'a'bility menu to radiate toxic
   energy, with effectiveness depending on Evocations skill.
   Pois:      It enhances your poison magic.
   rPois∞: It grants immunity to poison.
Missiles
 i - 3 throwing nets
Armour
 f - the +1 pair of gloves of the Kappa (worn) {Int+3}
   (You acquired it in the Ecumenical Temple)

   Int+3:     It affects your intelligence (+3).
 p - the +2 buckler of Hech (worn) {rElec rCorr Dex+3}
   (You found it on level 3 of the Dungeon)

   Dex+3:     It affects your dexterity (+3).
   rElec:     It insulates you from electricity.
   rCorr:     It protects you from acid and corrosion.
 v - a +1 helmet of intelligence (worn)
 G - +2 steam dragon scales (worn)
 I - an orb of energy
 J - a +0 cloak of preservation (worn)
 P - a +2 leather armour of resistance
 Z - a +1 pair of boots of flying (worn)
Magical Staves
 q - a staff of cold
 D - a staff of conjuration
 O - a staff of fire
Jewellery
 c - the amulet "Varoummi" (around neck) {Reflect rCorr SH+5}
   (You found it on level 14 of the Dungeon)

   [amulet of reflection]

   Reflect:   It reflects blocked missile attacks.
   rCorr:     It protects you from acid and corrosion.
   SH+5:      It affects your SH (+5).
 l - a ring of wizardry
 s - a ring of fire
 u - a +6 ring of intelligence
 w - the ring "Lulis" {rF+ rN++ Int+3 Slay+2}
   (You found it on level 4 of the Shoals)

   [ring of protection from fire]

   Int+3:     It affects your intelligence (+3).
   Slay+2:    It affects your accuracy & damage with ranged weapons and melee
   (+2).
   rF+:       It protects you from fire.
   rN++:      It greatly protects you from negative energy.
 y - the ring "Caiwy" (right hand) {rPois Int+2 SInv}
   (You found it in a Gauntlet)

   [ring of see invisible]

   Int+2:     It affects your intelligence (+2).
   rPois:     It protects you from poison SInv: It lets you see invisible.
 B - a ring of magical power (left hand)
Wands
 n - a wand of digging (4)
 x - a wand of flame (19)
 C - a wand of roots (37)
Scrolls
 a - 4 scrolls of blinking
 g - 5 scrolls of teleportation
 j - a scroll of fog
 k - 3 scrolls of silence
 m - 2 scrolls of vulnerability
 r - 2 scrolls of fear
 t - a scroll of enchant weapon
 z - a scroll of amnesia
 E - 2 scrolls of poison
 L - 5 scrolls of revelation
Potions
 b - 7 potions of haste
 d - 4 potions of magic
 e - 7 potions of heal wounds
 h - 5 potions of curing
 F - 3 potions of berserk rage
 K - 3 potions of might
 M - a potion of resistance
 N - a potion of brilliance
 Q - 6 potions of lignification
 T - 7 potions of mutation
Miscellaneous
 H - a condenser vane
 S - a box of beasts
 V - a phial of floods


   Skills:
 - Level 8.0 Fighting
 + Level 8.8 Armour
 - Level 3.0 Dodging
 - Level 3.1 Stealth
 - Level 7.0 Shields
 O Level 27 Spellcasting
 * Level 19.5 Conjurations
 - Level 1.1 Summonings
 - Level 1.1 Translocations
 + Level 13.1 Fire Magic
 - Level 2.0 Ice Magic
 - Level 1.1 Air Magic
 - Level 9.1 Earth Magic
 - Level 1.0 Poison Magic
 - Level 1.1 Evocations


You had 12 spell levels left.
You knew the following spells:

 Your Spells              Type           Power      Damage    Failure   Level
a - Magic Dart            Conj           100%       1d8       0%          1
b - Mephitic Cloud        Conj/Pois/Air  100%       N/A       1%          3
c - Call Imp              Summ           100%       N/A       1%          2
d - Blink                 Tloc           100%       N/A       1%          2
e - Freezing Cloud        Conj/Ice/Air   40%        6-21      1%          5
f - Iskenderun's Battles  Conj           100%       2d15      0%          5
g - Bombard               Conj/Erth      50%        9d8       1%          6
h - Starburst             Conj/Fire      52%        6d14      1%          6
i - Orb of Destruction    Conj           56%        9d14      1%          7
j - Lee's Rapid Deconstr  Erth           42%        3d21*     1%          5
k - Ignition              Fire           48%        3d14      4%          8
l - Fire Storm            Conj/Fire      52%        8d13      19%         9

Your spell library contained the following spells:

 Spells                   Type           Power      Damage    Failure   Level
 Lehudib's Crystal Spear  Conj/Erth      50%        10d12     3%          8
 Shatter                  Erth           42%        3d33*     96%         9
 Searing Ray              Conj           100%       2d8       0%          2
 Static Discharge         Conj/Air       100%       3-8/arc   0%          2
 Necrotise                Necr           100%       1d9       1%          1
 Slow                     Hex            100%       N/A       1%          1
 Cigotuvi's Dreadful Rot  Necr/Pois/Air  100%       N/A       1%          2
 Ensorcelled Hibernation  Hex/Ice        100%       N/A       1%          2
 Jinxbite                 Hex            96%        N/A       1%          2
 Poisonous Vapours        Pois/Air       100%       N/A       1%          2
 Confusing Touch          Hex            48%        N/A       1%          3
 Dazzling Flash           Conj/Hex       100%       N/A       1%          3
 Frozen Ramparts          Ice            100%       1d16      1%          3
 Inner Flame              Hex/Fire       77%        N/A       1%          3
 Sigil of Binding         Hex            48%        N/A       1%          3
 Vampiric Draining        Necr           48%        2d9       1%          3
 Volatile Blastmotes      Fire/Tloc      100%       2d18      1%          3
 Airstrike                Air            27%        2d(4-20)  1%          4
 Animate Armour           Summ/Erth      100%       N/A       1%          4
 Fulminant Prism          Conj/Hex       43%        3d19      1%          4
 Petrify                  Tmut/Erth      69%        N/A       1%          4
 Spellforged Servitor     Conj/Summ      44%        N/A       1%          7
 Summon Lightning Spire   Summ/Air       54%        N/A       3%          4
 Yara's Violent Unravell  Hex/Tmut       24%        3d11      4%          5
 Anguish                  Hex/Necr       24%        N/A       6%          4
 Cause Fear               Hex            24%        N/A       6%          4
 Metabolic Englaciation   Hex/Ice        27%        N/A       11%         5
 Agony                    Necr           48%        N/A       16%         5
 Ozocubu's Refrigeration  Ice            29%        4d14      45%         7
 Simulacrum               Ice/Necr       27%        N/A       52%         6
 Enfeeble                 Hex            24%        N/A       99%         7
 Maxwell's Capacitive Co  Air            27%        ∞         99%         8
 Polar Vortex             Ice            29%        12d3*     100%        9


Dungeon Overview and Level Annotations

Branches:
Dungeon (15/15)            Temple (1/1) D:4            Lair (5/5) D:11
 Shoals (4/4) Lair:2       Spider (4/4) Lair:3        Slime (0/5) Lair:4
    Orc (2/2) D:12            Elf (0/3) Orc:2        Vaults (0/5) D:13
 Depths (0/4) D:15          IceCv (visited)         Gauntlet (visited)

Altars:
Ashenzari
Cheibriados
Dithmenos
Elyvilon
Fedhas
Gozag
Hepliaklqana
Kikubaaqudgha
Makhleb
Nemelex Xobeh
Okawaru
Qazlal
Ru
Sif Muna
Trog
Uskayaw
Vehumet
Wu Jian
Xom
Yredelemnul
Zin
The Shining One
Jiyva

Shops:
D:8 =   D:10 *   D:12 **   Orc:2 (*=*   Shoals:3 :   Shoals:4 [

Portals:
Pandemonium: Orc:2

Annotations:
D:12 3 runed translucent doors, exclusion: obsidian statue, strifetoe's ghost, journeyman AtFi


Message History

The roots erupt in riotous growth!
Roots grab the emperor scorpion.
Roots grab the spark wasp.
The grasping roots constrict the emperor scorpion.
The grasping roots constrict the spark wasp, but do no damage.
You block the emperor scorpion's attack.
The emperor scorpion barely misses you.
The emperor scorpion claws you but does no damage.
You block the spark wasp's attack. The emperor scorpion stings you!
You block the emperor scorpion's attack. x2
Unknown command.
Unknown command.
The grasping roots constrict the emperor scorpion.
The grasping roots constrict the spark wasp, but do no damage.
The roots release their grip on the spark wasp.
The roots release their grip on the emperor scorpion.
The spark wasp stings you!
* * * LOW HITPOINT WARNING * * *
The spark wasp shocks you. You resist.
* * * LOW HITPOINT WARNING * * *
The emperor scorpion attacks as it pursues you!
The emperor scorpion stings you but does no damage.
You block the emperor scorpion's attack.
The emperor scorpion claws you.
* * * LOW HITPOINT WARNING * * *
Blink to where?
Press: ? - help, Dir - move target, p - emperor scorpion
As you read the scroll of blinking, it crumbles to dust.
The spark wasp bursts into living lightning!
The living lightning hits you! You resist.
* * * LOW HITPOINT WARNING * * *
The spark wasp blinks! x2
Casting: Blink (safe; 1% risk of failure)
Confirm with . or Enter, or press ? or * to list all spells.
Aiming: Mephitic Cloud (safe; 1% risk of failure)
Press: ? - help, Shift-Dir - straight line You feel a surge of power!
The ball explodes into a vile cloud!
The stinking cloud engulfs the spark wasp but does no damage.
The spark wasp is engulfed in noxious fumes.
The spark wasp stings you!
You die...

#...#...^#.....#.......#....
##.....^.[......^......^....
##............#...........##
#......(.##.................
#.....#..........###...#^<..
##....#.....^....#....##^...
##..(.........^^#....##.#..
###...§#§#^.....^....#:...
#.#...☼§☼@......<....##...
##.....§§y...^#....#^##....
####...)................^.....
##............#^#......#...^#..
##^.........#..................#
##....^..........................
#...^....§..#.........^..>..^#...
#.......§..^.....^...###.........
.......s..#...........##...###...


You could see a spark wasp.

Vanquished Creatures
  Arachne (Spider:4)
  Polyphemus (Shoals:4)
  2 krakens
  Gastronok (Lair:1)
  An emperor scorpion (Spider:2)
  2 ghost moths
  The ghost of gdog the Covert, a journeyman GnDe of Ashenzari (Lair:5)
  A broodmother (Spider:3)
  The ghost of monsoonserge the Nimble, a journeyman MfMo of Nemelex Xobeh (Lair:4)
  A spark wasp (Spider:3)
  A spark wasp (shapeshifter) (D:13)
  A minotaur (Gauntlet)
  Snorg (Lair:4)
  3 merfolk javelineers
  7 merfolk impalers
  2 entropy weavers (Spider:3)
  A great orb of eyes (D:15)
  The ghost of Jaev the Arsonist, a journeyman DgFE (Lair:1)
  Erolcha (Orc:1)
  4 catoblepae
  6 boulder beetles
  An ogre mage (D:15)
  2 demonspawn (Orc:2)
  5 hydras
  2 jorogumos
  4 merfolk aquamancers (Shoals:4)
  An alligator snapping turtle (Shoals:3)
  2 ironbound frosthearts (IceCv)
  4 merfolk avatars (Shoals:4)
  7 two-headed ogres
  Erica (D:8)
  3 radroaches
  2 satyrs (Shoals:4)
  4 centaur warriors
  5 orc high priests (Orc:2)
  16 death yaks
  Urug (Lair:1)
  8 demonic crawlers
  A tengu warrior (Gauntlet)
  A soul eater (Gauntlet)
  5 skysharks
  A fire crab (shapeshifter) (D:13)
  A sun moth (Spider:3)
  13 sea snakes
  4 skeletal warriors (D:13)
  9 orb spiders
  10 pharaoh ants
  An obsidian statue (D:13)
  6 steelbarb worms
  A lindwurm (Lair:5)
  7 orc knights
  A deep elf pyromancer (D:13)
  A harpy (shapeshifter) (D:13)
  8 orc sorcerers
  Pikel (D:8)
  10 harpies
  11 fauns
  15 wolf spiders
  8 cyclopes
  27 ugly things
  19 manticores
  18 elephants
  6 black mambas
  8 merfolk sirens
  A rust devil (Orc:2)
  2 moths of wrath
  An ice statue (IceCv)
  2 molten gargoyles (Gauntlet)
  Joseph (D:8)
  13 cane toads
  2 gargoyles
  7 torpor snails
  12 water nymphs
  Maggie (D:6)
  A rime drake (Lair:2)
  Jeremiah (D:8)
  An efreet (D:14)
  5 tengu conjurers
  8 komodo dragons
  17 merfolk
  A hellwing (Orc:2)
  17 polar bears
  6 meliai
  A red devil (Orc:2)
  11 trolls
  8 hornets (Lair:5)
  5 wind drakes
  17 tarantellas
  A queen bee (Lair:5)
  12 dream sheep
  10 snapping turtles
  24 blink frogs
  A polar bear (shapeshifter) (D:13)
  18 jumping spiders
  18 culicivoras
  8 slime creatures
  A spriggan (shapeshifter) (D:13)
  6 water elementals
  88 yaks
  5 wyverns
  A ynoxinul (Orc:2)
  A hog (shapeshifter) (D:15)
  14 spriggans (Lair:5)
  8 vampire mosquitoes
  2 wraiths
  A steam dragon (D:7)
  6 basilisks
  69 redbacks
  Menkaure (D:5)
  An acid dragon (D:8)
  Duvessa (D:5)
  10 water moccasins
  29 orc warriors
  5 sky beasts
  7 black bears
  7 ogres
  39 wolves
  The ghost of Dordric the Ruffian, an amateur DrSh (D:3)
  4 boggarts (Lair:5)
  7 centaurs
  2 lemures (D:8)
  2 kobold brigands
  20 bullfrogs
  2 gnoll sergeants
  4 wights
  Dowan (D:5)
  7 killer bees (Lair:5)
  5 howler monkeys
  4 electric eels (Lair:2)
  3 lava snakes (Lair:2)
  3 hounds
  17 jellies
  28 orc priests
  3 gnoll boudas
  2 iguanas (D:4)
  Crazy Yiuf (D:6)
  Jessica (D:3)
  21 orc wizards
  A sleepcap (D:6)
  A statue (D:10)
  6 adders
  17 gnolls
  3 shadow imps (Gauntlet)
  A white imp (D:4)
  4 ufetubi (D:6)
  A worm (D:5)
  A dart slug (D:2)
  78 orcs
  5 bats
  12 endoplasms
  5 giant cockroaches
  11 goblins
  5 hobgoblins
  3 jackals (D:1)
  A quokka (D:2)
  6 ball pythons
  7 frilled lizards
  16 kobolds
  9 rats
  4 tentacles (Shoals:3)
1171 creatures vanquished.

Vanquished Creatures (collateral kills)
  A jelly (D:6)
  An orc (D:8)
2 creatures vanquished.

Vanquished Creatures (others)
  8 tentacles (Shoals:2)
8 creatures vanquished.

Grand Total: 1181 creatures vanquished

Notes
Turn   | Place    | Note
-------+----------+-------------------------------------------
     0 | D:1      | pokeman the Deep Elf Hedge Wizard began the quest for the
                  | Orb.
     0 | D:1      | Reached XP level 1. HP: 10/10 MP: 7/7
   352 | D:1      | Reached XP level 2. HP: 16/16 MP: 6/9
  1016 | D:1      | Reached skill level 5 in Spellcasting
  1148 | D:1      | Reached XP level 3. HP: 20/20 MP: 3/11
  1153 | D:1      | Learned a level 3 spell: Mephitic Cloud
  1156 | D:1      | Learned a level 2 spell: Call Imp
  1159 | D:1      | Learned a level 2 spell: Blink
  1644 | D:2      | Reached skill level 1 in Fighting
  1751 | D:2      | Reached skill level 1 in Armour
  1985 | D:2      | Reached XP level 4. HP: 25/25 MP: 11/13
  2549 | D:3      | Identified the +2 buckler of Hech {rElec rCorr Dex+3}
  2571 | D:3      | Identified the +2 robe of the Lizard {rPois rN+}
  2772 | D:3      | Found a runed translucent door.
  2904 | D:3      | Noticed Dordric's ghost (amateur DrSh)
  2980 | D:3      | Noticed Jessica
  2984 | D:3      | Killed Jessica
  2985 | D:3      | Reached skill level 6 in Spellcasting
  2985 | D:3      | Reached XP level 5. HP: 26/29 MP: 9/15
  3708 | D:4      | Found a broken altar of Ashenzari.
  3798 | D:4      | Found a snail-covered altar of Cheibriados.
  3806 | D:4      | Reached skill level 1 in Poison Magic
  3878 | D:4      | Found an opulent altar of Gozag.
  3964 | D:4      | Found a staircase to the Ecumenical Temple.
  3971 | D:4      | Reached XP level 6. HP: 34/34 MP: 14/17
  3982 | D:4      | Reached skill level 1 in Shields
  3982 | D:4      | Reached skill level 1 in Air Magic
  3983 | Temple   | Entered the Ecumenical Temple
  4338 | D:4      | Reached skill level 7 in Spellcasting
  4705 | D:5      | Entered Level 5 of the Dungeon
  4829 | D:5      | Noticed Menkaure
  4970 | D:5      | Killed Menkaure
  4971 | D:5      | Reached XP level 7. HP: 24/38 MP: 13/20
  5198 | D:5      | Noticed Duvessa
  5202 | D:5      | Noticed Dowan
  5216 | D:5      | Killed Duvessa
  5217 | D:5      | Reached skill level 8 in Spellcasting
  5218 | D:5      | Killed Dowan
  5765 | D:5      | Noticed a yak
  5768 | D:5      | Noticed a yak
  5769 | D:5      | Noticed a yak
  5771 | D:5      | Noticed a yak
  5772 | D:5      | Noticed a yak
  5776 | D:5      | Killed a yak
  5777 | D:5      | Reached skill level 1 in Evocations
  5782 | D:5      | Reached skill level 9 in Spellcasting
  5783 | D:5      | Noticed a yak
  5784 | D:5      | Killed a yak
  5785 | D:5      | Reached XP level 8. HP: 43/43 MP: 10/23
  5790 | D:5      | Reached skill level 5 in Conjurations
  5792 | D:5      | Reached skill level 10 in Spellcasting
  6101 | D:6      | Noticed Maggie
  6158 | D:6      | Reached skill level 11 in Spellcasting
  6182 | D:6      | Killed Maggie
  6183 | D:6      | Reached XP level 9. HP: 18/49 MP: 9/26
  6340 | D:6      | Found a white marble altar of Elyvilon.
  6443 | D:6      | Found a runed translucent door.
  6444 | D:6      | Noticed Crazy Yiuf
  6455 | D:6      | Killed Crazy Yiuf
  6597 | D:6      | Found a bloodstained altar of Trog.
  6862 | D:6      | Reached skill level 12 in Spellcasting
  7218 | D:7      | Found an iron altar of Okawaru.
  8077 | D:7      | Reached skill level 13 in Spellcasting
  8444 | D:8      | Noticed Erica
  8600 | D:8      | Reached XP level 10. HP: 18/56 MP: 29/29
  8789 | D:8      | Reached skill level 14 in Spellcasting
  8848 | D:8      | Noticed a two-headed ogre
  8854 | D:8      | Noticed a red ugly thing
  8859 | D:8      | Noticed a cyclops
  8866 | D:8      | Killed a two-headed ogre
  9324 | D:8      | Killed Erica
  9336 | D:8      | Killed a red ugly thing
  9337 | D:8      | Reached skill level 15 in Spellcasting
  9443 | D:8      | Found a sacrificial altar of Ru.
  9558 | D:8      | Identified the +9 sling of Tenacity {antimagic, Fly}
  9569 | D:8      | Noticed Pikel
  9585 | D:8      | Killed Pikel
  9615 | D:8      | Found Fas Hoo's Jewellery Shop.
  9686 | D:8      | Noticed Joseph
  9715 | D:8      | Reached skill level 5 in Shields
  9730 | D:8      | Killed Joseph
  9731 | D:8      | Reached XP level 11. HP: 42/60 MP: 32/32
  9882 | D:8      | Noticed Jeremiah
 10045 | D:8      | Killed Jeremiah
 10046 | D:8      | Reached skill level 16 in Spellcasting
 10131 | D:8      | Found a shimmering altar of Xom.
 10787 | D:9      | Found a stormy altar of Qazlal.
 10924 | D:9      | Noticed an orc sorcerer
 10933 | D:9      | Killed an orc sorcerer
 11420 | Temple   | Identified a scroll of acquirement
 11439 | Temple   | Acquired 941 gold pieces
 11544 | D:10     | Entered Level 10 of the Dungeon
 11585 | D:10     | Noticed a two-headed ogre
 11656 | D:10     | Killed a two-headed ogre
 11657 | D:10     | Reached skill level 10 in Conjurations
 12059 | D:10     | Reached skill level 17 in Spellcasting
 12478 | D:10     | Learned a level 5 spell: Freezing Cloud
 12528 | D:10     | Found Oheibal's Assorted Antiques.
 12531 | D:10     | Bought a scroll labelled ONULUAVVUR for 28 gold pieces
 12625 | D:10     | Found a radiant altar of Vehumet.
 12640 | D:10     | Became a worshipper of Vehumet
 12879 | D:11     | Found a staircase to the Lair.
 12897 | D:11     | Reached skill level 1 in Ice Magic
 13256 | D:11     | Learned a level 5 spell: Iskenderun's Battlesphere
 13263 | D:11     | Learned a level 6 spell: Bombard
 13403 | D:11     | Reached skill level 5 in Armour
 13824 | D:10     | Reached skill level 1 in Earth Magic
 14015 | D:3      | Killed Dordric's ghost
 14157 | D:12     | Noticed a boulder beetle
 14169 | D:12     | Killed a boulder beetle
 14170 | D:12     | Reached XP level 12. HP: 48/64 MP: 34/35
 14382 | D:12     | Acquired the +9 staff of Olgreb {rPois∞}
 14382 | D:12     | Found the +9 staff of Olgreb {rPois∞}
 14677 | D:12     | Found a staircase to the Orcish Mines.
 14708 | D:12     | Found a runed translucent gate.
 14708 | D:12     | Found a runed translucent gate.
 14710 | D:12     | Found an opulent altar of Gozag.
 14712 | D:12     | Found a runed translucent gate.
 14712 | D:12     | Noticed a centaur warrior
 14713 | D:12     | Found Vaereki's Assorted Antiques.
 14713 | D:12     | Noticed strifetoe's ghost (journeyman AtFi)
 14714 | D:12     | Found Facweitiul's Assorted Antiques.
 14754 | D:12     | Noticed a four-headed hydra
 14754 | D:12     | Found the +1 robe of Vines {NoPotionHeal Regen++++}
 14783 | D:12     | Reached skill level 18 in Spellcasting
 14784 | D:12     | Reached * piety under Vehumet
 14784 | D:12     | Offered knowledge of Shock by Vehumet.
 14784 | D:12     | Killed a four-headed hydra
 14933 | D:12     | Noticed an acid blob
 14990 | D:13     | Noticed a two-headed ogre
 15009 | D:13     | Found a gate to the Vaults.
 15024 | D:13     | a wolf spider changed into a spark wasp
 15024 | D:13     | Noticed a spark wasp (glowing shapeshifter)
 15029 | D:13     | Killed a spark wasp
 15114 | D:13     | Found a gate leading to a gauntlet.
 15122 | Gauntlet | Entered a Gauntlet
 15122 | Gauntlet | Found a transporter.
 15122 | Gauntlet | Found a transporter.
 15126 | Gauntlet | Found a transporter.
 15127 | Gauntlet | Found a transporter.
 15133 | Gauntlet | Found a transporter.
 15137 | Gauntlet | Noticed a tengu warrior
 15158 | Gauntlet | Found a transporter.
 15176 | Gauntlet | Found a transporter.
 15184 | Gauntlet | Found a transporter.
 15184 | Gauntlet | Noticed an entropy weaver
 15191 | Gauntlet | Found a transporter.
 15192 | Gauntlet | Found a transporter.
 15204 | Gauntlet | Found a transporter.
 15209 | Gauntlet | Noticed a catoblepas
 15214 | Gauntlet | Found a transporter.
 15271 | Gauntlet | Found a transporter.
 15288 | Gauntlet | Found a transporter.
 15480 | Gauntlet | Found a transporter.
 15495 | Gauntlet | Found a transporter.
 15786 | Gauntlet | Identified the ring "Caiwy" {rPois Int+2 SInv}
 15822 | Gauntlet | Killed a tengu warrior
 15953 | Gauntlet | Identified the +2 cloak of Responsibility {-Cast rC+ Will+
                  | SInv}
 16092 | Gauntlet | Killed a catoblepas
 16095 | Gauntlet | Reached skill level 19 in Spellcasting
 16293 | Gauntlet | Identified the ring of Duaps {rN+ Will+}
 16345 | Gauntlet | Noticed a minotaur
 16355 | Gauntlet | Killed a minotaur
 16676 | D:13     | Killed a two-headed ogre
 16750 | D:13     | Reached skill level 5 in Fighting
 16750 | D:13     | Reached skill level 5 in Earth Magic
 17273 | D:13     | Reached XP level 13. HP: 72/72 MP: 18/38
 17527 | D:13     | Identified the +0 chain mail "Fiutrime" {rPois rN+ Str+4
                  | Dex-3}
 17532 | D:13     | Identified the ring of Suremale {rN+ Int+2 Dex+5}
 18417 | D:14     | Identified the amulet "Varoummi" {Reflect rCorr SH+5}
 18632 | D:14     | Found a sparkling altar of Nemelex Xobeh.
 19082 | D:14     | Reached skill level 1 in Fire Magic
 19082 | D:14     | Reached ** piety under Vehumet
 19084 | D:14     | Offered knowledge of Foxfire by Vehumet.
 19477 | D:15     | Entered Level 15 of the Dungeon
 19498 | D:15     | Reached skill level 20 in Spellcasting
 20296 | D:15     | Offered knowledge of Volatile Blastmotes by Vehumet.
 20305 | D:15     | Reached XP level 14. HP: 63/80 MP: 21/40
 20754 | D:15     | Reached skill level 21 in Spellcasting
 20754 | D:15     | Reached *** piety under Vehumet
 21080 | D:15     | Found a staircase to the Depths.
 21236 | D:15     | Found a radiant altar of Vehumet.
 21432 | Lair:1   | Entered Level 1 of the Lair of Beasts
 21516 | Lair:1   | Noticed Gastronok
 21534 | Lair:1   | Killed Gastronok
 21736 | Lair:1   | Reached skill level 5 in Fire Magic
 21763 | Lair:1   | Offered knowledge of Fulminant Prism by Vehumet.
 22205 | Lair:1   | Noticed Urug
 22209 | Lair:1   | Killed Urug
 22383 | Lair:1   | Found a large runed translucent door.
 22383 | Lair:1   | Found a large runed translucent door.
 22387 | Lair:1   | Noticed Jaev's ghost (journeyman DgFE)
 22582 | Lair:1   | Identified the +7 plate armour of Oros {Int+3}
 22850 | Lair:1   | Killed Jaev's ghost
 22990 | Lair:1   | Reached **** piety under Vehumet
 23206 | Lair:2   | Offered knowledge of Fireball by Vehumet.
 23207 | Lair:2   | Reached skill level 22 in Spellcasting
 24322 | Lair:2   | Found a staircase to the Shoals.
 24878 | Lair:3   | Reached XP level 15. HP: 65/86 MP: 38/43
 24882 | Lair:3   | Reached ***** piety under Vehumet
 24882 | Lair:3   | Offered knowledge of Conjure Ball Lightning by Vehumet.
 24902 | Lair:3   | Found a frozen archway.
 24970 | IceCv    | Entered an ice cave
 25562 | IceCv    | Identified the +11 crystal plate armour of Tomorrow {rF+
                  | Will- Int+8 SInv}
 26442 | Temple   | Acquired the +1 pair of gloves of the Kappa {Int+3}
 26443 | Temple   | Identified the "Zuthru" (You acquired it in the Ecumenical
                  | Temple)
 26443 | Temple   | Acquired 648 gold pieces
 26444 | Temple   | Acquired 1237 gold pieces
 27014 | Lair:3   | Found a hole to the Spider Nest.
 27109 | Lair:3   | Reached skill level 23 in Spellcasting
 27294 | Lair:3   | You are sucked into a shaft and drop 2 floors!
 27294 | Lair:5   | Entered Level 5 of the Lair of Beasts
 27366 | Lair:4   | Offered knowledge of Lee's Rapid Deconstruction by Vehumet.
 27392 | Lair:4   | Found a staircase to the Slime Pits.
 27393 | Lair:4   | Found a viscous altar of Jiyva.
 28016 | Lair:4   | Found a large runed translucent door.
 28016 | Lair:4   | Found a large runed translucent door.
 28016 | Lair:4   | Noticed Snorg
 28027 | Lair:4   | Killed Snorg
 28244 | Lair:4   | Noticed monsoonserge's ghost (journeyman MfMo)
 28703 | Lair:4   | Killed monsoonserge's ghost
 28823 | Lair:4   | Identified the staff "Pail" {Fragile rElec rPois rN+ Dex+6
                  | Necro}
 28952 | Lair:5   | Learned a level 6 spell: Starburst
 30135 | Lair:5   | Found a transporter.
 30140 | Lair:5   | Found a transporter.
 30144 | Lair:5   | Noticed gdog's ghost (journeyman GnDe)
 30155 | Lair:5   | Killed gdog's ghost
 30556 | Lair:5   | Offered knowledge of Orb of Destruction by Vehumet.
 30557 | Lair:5   | Reached XP level 16. HP: 81/92 MP: 45/45
 30576 | Lair:5   | Learned a level 7 spell: Orb of Destruction
 30781 | Lair:5   | Reached skill level 24 in Spellcasting
 31672 | Orc:1    | Entered Level 1 of the Orcish Mines
 32018 | Orc:2    | Entered Level 2 of the Orcish Mines
 32037 | Orc:1    | Noticed Erolcha
 32043 | Orc:1    | Killed Erolcha
 32248 | Orc:2    | Offered knowledge of Plasma Beam by Vehumet.
 32395 | Orc:2    | Found a staircase to the Elven Halls.
 32827 | Orc:2    | Reached skill level 15 in Conjurations
 33078 | Orc:2    | Found Qexit's General Store.
 33079 | Orc:2    | Found Lifana Osiz's General Store.
 33230 | Orc:2    | Bought a scroll of identify for 24 gold pieces
 33230 | Orc:2    | Bought a scroll of identify for 24 gold pieces
 33230 | Orc:2    | Bought a scroll of revelation for 90 gold pieces
 33232 | Orc:2    | Bought a potion of heal wounds for 80 gold pieces
 33232 | Orc:2    | Bought a potion of magic for 128 gold pieces
 33232 | Orc:2    | Bought a scroll of enchant armour for 120 gold pieces
 33828 | Orc:2    | Found Wonwu's Jewellery Shoppe.
 33828 | Orc:2    | Found Buirr's Antique Weapon Emporium.
 33829 | Orc:2    | Found a one-way gate leading to the halls of Pandemonium.
 34386 | Shoals:1 | Entered Level 1 of the Shoals
 34873 | Shoals:1 | Reached skill level 10 in Fire Magic
 35668 | Shoals:2 | Offered knowledge of Arcjolt by Vehumet.
 35740 | Shoals:2 | Reached skill level 25 in Spellcasting
 35949 | Shoals:2 | Noticed a kraken
 35962 | Shoals:2 | Killed a kraken
 36044 | Shoals:2 | Learned a level 5 spell: Lee's Rapid Deconstruction
 36600 | Shoals:2 | Identified the +11 orcbow of a bailey {freeze, rN++}
 37153 | Shoals:3 | Reached XP level 17. HP: 69/96 MP: 47/48
 37359 | Shoals:3 | Found Inigiysong's Vocational Training.
 37546 | Shoals:3 | Noticed a kraken
 37553 | Shoals:3 | Killed a kraken
 38395 | Shoals:4 | Entered Level 4 of the Shoals
 38751 | Shoals:4 | Noticed Polyphemus
 38992 | Shoals:4 | Killed Polyphemus
 39242 | Shoals:4 | Offered knowledge of Irradiate by Vehumet.
 39244 | Shoals:4 | Reached skill level 26 in Spellcasting
 39319 | Shoals:4 | Upgraded the game from 0.31-a0-978-g1e143483b6 to
                  | 0.31-a0-981-geadf994542
 39650 | Shoals:4 | Found Tuci's Armour Boutique.
 39650 | Shoals:4 | Identified the ring "Lulis" {rF+ rN++ Int+3 Slay+2}
 40150 | Shoals:4 | Got a barnacled rune of Zot
 40892 | Spider:1 | Entered Level 1 of the Spider Nest
 41101 | Spider:1 | Reached ****** piety under Vehumet
 42394 | Spider:2 | Offered knowledge of Ignition by Vehumet.
 42573 | Spider:1 | Learned a level 8 spell: Ignition
 42606 | Spider:2 | Reached XP level 18. HP: 103/103 MP: 46/50
 43186 | Spider:2 | Reached skill level 27 in Spellcasting
 43819 | Spider:2 | Identified the +2 robe of Apell {*Slow +Inv rC+ rN+}
 44044 | Spider:3 | Offered knowledge of Lehudib's Crystal Spear by Vehumet.
 44044 | Spider:3 | Offered knowledge of Fire Storm by Vehumet.
 44044 | Spider:3 | Offered knowledge of Shatter by Vehumet.
 44055 | Spider:3 | Learned a level 9 spell: Fire Storm
 44973 | Spider:4 | Entered Level 4 of the Spider Nest
 44985 | Spider:4 | Noticed Arachne
 45225 | Spider:4 | Killed Arachne
 45244 | Spider:3 | Slain by a spark wasp

Illustrated notes

Levels and vault maps discovered:
D:1:      lemuel_arrival_behind_the_door_small, layout_basic, minmay_tall_x
D:2:      layout_rooms, minmay_tromino_i2
D:3:      layout_loops_cross, gammafunk_ghost_grave, uniq_jessica
D:4:      layout_loops_ring, mainiacjoe_overflow_cross_hatched,
          old_standard_altar, nicolae_ashenzari_panopticon,
          minmay_temple_entry_glass
D:5:      layout_loops_corners, uniq_menkaure, uniq_duvessa
D:6:      layout_basic, trog_three_pillars_becter, elyvilon_altar_5,
          lightli_minifort, uniq_crazy_yiuf_cottage, uniq_maggie
D:7:      layout_loops_corners, kennysheep_okawaru_gauntlet, st_stairs_7,
          minivault_5
D:8:      cheibrodos_ideogram_h, layout_loops_ring,
          nicolae_overflow_crystal_walls, nicolae_ru_the_path_less_chosen,
          serial_shops, nicolae_shop_gaudy_bauble, uniq_jeremiah, uniq_joseph,
          uniq_pikel, uniq_erica
D:9:      cheibrodos_wizards_tower, layout_cave_pools,
          mainiacjoe_overflow_24_doors
D:10:     layout_basic, vehumet_statue, serial_shops, kennysheep_mini,
          minmay_between
D:11:     layout_roguey, david_lair_generic
D:12:     nicolae_cairo_tiling_very_big, layout_rooms, ebering_ghost_gozag,
          dk_vineyard_3, hellmonk_guarded_unrand_vines
D:13:     layout_roguey, david_vaults_2, gauntlet_entry_generic, minivault_15
D:14:     layout_basic, nemelex_lonely_heart_becter
D:15:     gammafunk_enter_depths_forms, layout_long_grid,
          lemuel_coloured_pillars_altar
Temple:   hellmonk_temple_forest_ring
Lair:1:   layout_small_grid, ebering_ghost_disaster_area, grunt_megastairs_4,
          uniq_gastronok, uniq_urug
Lair:2:   layout_cave_pods, minmay_shoals_entry_lonely_mermaid,
          nicolae_lair_liquid_snakes, grunt_megastairs_5
Lair:3:   layout_chaotic_city, nicolae_spider_entry_tight_spaces,
          portal_ice_cave_entry_pillars_2
Lair:4:   layout_regular_city, minmay_slime_entry_jelly_boxes,
          ebering_ghost_disaster_area, grunt_forest_large_clearing_hut,
          uniq_snorg
Lair:5:   minmay_lair_end_enchanted_forest, layout_loops_ring,
          gammafunk_ghost_hive
Shoals:1: layout_shoals
Shoals:2: nicolae_shoals_island_circles, layout_shoals
Shoals:3: layout_shoals, nicolae_shop_vocational
Shoals:4: shoals_end_simple, layout_shoals, serial_shops,
          nicolae_shop_window_shopping, uniq_polyphemus
Spider:1: layout_spider_delve
Spider:2: nicolae_spider_mines_2, hangedman_spider_mandibles
Spider:3: layout_spider_delve
Spider:4: hellmonk_spider_rune_bug_friends, gammafunk_ghost_necromancy,
          uniq_arachne
Orc:1:    layout_caves, serial_shops, uniq_erolcha
Orc:2:    pf_orc_diabolical, layout_caves

Skill      XL: |  1  2  3  4  5  6  7  8  9 10 11 12 13 14 15 16 17 18 |
---------------+-------------------------------------------------------+-----
Spellcasting   | 5 6 7 9 11 13 15 17 19 20 22 23 25 26 27 | 27.0
Fighting       | 1 2 3 5 6 7 8 |  8.0
Armour         | 1 2 3 5 7 8 |  8.8
Conjurations   | 2 3 4 6 7 9 10 11 12 13 14 15 17 19 | 19.5
Stealth        | 3 |  3.1
Dodging        | 3 |  3.0
Poison Magic   | 1 |  1.0
Shields        | 1 2 3 5 7 |  7.0
Air Magic      | 1 |  1.1
Evocations     | 1 |  1.1
Ice Magic      | 2 |  2.0
Earth Magic    | 1 5 7 8 9 |  9.1
Fire Magic     | 4 6 8 10 12 13 | 13.1
Summonings     | |  1.1
Translocations | |  1.1

Action                     |  1- 3 |  4- 6 |  7- 9 | 10-12 | 13-15 | 16-18 || total
---------------------------+-------+-------+-------+-------+-------+-------++-------
  Melee: Dagger            |       |    15 |       |       |       |       ||    15
         Hand axe          |       |       |   163 |   246 |       |       ||   409
         Punch             |       |       |     2 |     9 |       |       ||    11
         Staff             |       |       |       |     1 |   164 |    90 ||   255
   Cast: Magic Dart        |   100 |   152 |   142 |   220 |    47 |    37 ||   698
         Mephitic Cloud    |       |     5 |    35 |    61 |    31 |    15 ||   147
         Call Imp          |       |     2 |     5 |     7 |     3 |     3 ||    20
         Blink             |       |       |       |    10 |     3 |     3 ||    16
         Iskenderun's Batt |       |       |       |    19 |     9 |     7 ||    35
         Freezing Cloud    |       |       |       |     9 |    68 |   221 ||   298
         Bombard           |       |       |       |    28 |   213 |   310 ||   551
         Starburst         |       |       |       |       |       |    16 ||    16
         Ignition          |       |       |       |       |       |    16 ||    16
         Orb of Destructio |       |       |       |       |       |     2 ||     2
Ability: Evoke the Staff o |       |       |       |     2 |   123 |    65 ||   190
  Evoke: Wand              |       |       |     4 |     4 |     1 |    12 ||    21
    Use: Scroll            |       |       |       |    18 |     8 |    12 ||    38
         Potion            |       |       |       |     1 |       |       ||     1
   Stab: Confused          |       |     2 |    15 |    21 |     4 |     4 ||    46
         Paralysed         |       |       |     7 |    12 |       |       ||    19
         Sleeping          |       |       |       |       |     1 |       ||     1
         Distracted        |       |       |       |       |       |     1 ||     1
 Armour: Robe              |     5 |    16 |    28 |       |     6 |       ||    55
         Steam dragon scal |       |       |    80 |   186 |   197 |   221 ||   684
         Leather armour    |       |       |       |       |    31 |       ||    31
  Dodge: Dodged            |    11 |    23 |    87 |   161 |   151 |   111 ||   544
  Block: Buckler           |       |       |       |    44 |   246 |   185 ||   475
         Reflection        |       |       |       |       |    15 |    29 ||    44

Table legend: (Time is in decaauts)
 A = Elapsed time spent in this place.
 B = Non-inter-level travel time spent in this place.
 C = Inter-level travel time spent in this place.
 D = Time resting spent in this place.
 E = Time spent auto-exploring this place.
 F = Levels seen in this place.
 G = Mean time per level.
                   A        B        C        D        E       F      G
               +--------+--------+--------+--------+--------+-----+--------+
         Total |  45529 |  42072 |   3457 |   4820 |  29496 |  33 | 1379.7 |
       Dungeon |  21072 |  18478 |   2594 |   1553 |  13787 |  15 | 1404.8 |
        Temple |    198 |    177 |     21 |      0 |     38 |   1 |  198.0 |
          Lair |   8916 |   8408 |    508 |   1007 |   6169 |   5 | 1783.2 |
        Shoals |   6416 |   6271 |    145 |    644 |   4847 |   4 | 1604.0 |
   Spider Nest |   4227 |   4095 |    132 |    875 |   2549 |   4 | 1056.8 |
  Orcish Mines |   2277 |   2223 |     54 |    116 |   1387 |   2 | 1138.5 |
      Ice Cave |   1089 |   1089 |      0 |    179 |    574 |   1 | 1089.0 |
      Gauntlet |   1332 |   1332 |      0 |    446 |    145 |   1 | 1332.0 |
               +--------+--------+--------+--------+--------+-----+--------+

Top non-repeatable levels by time:
  Lair:5: 2503 daAuts
     D:8: 2211 daAuts
Shoals:4: 2189 daAuts
     D:7: 2125 daAuts
  Lair:1: 1956 daAuts
    D:15: 1860 daAuts
  Lair:2: 1769 daAuts
Shoals:3: 1694 daAuts
   Orc:2: 1672 daAuts
    D:10: 1600 daAuts
Spider:2: 1595 daAuts
     D:1: 1542 daAuts
    D:13: 1534 daAuts
     D:4: 1508 daAuts
Spider:1: 1469 daAuts
